 Dungeon Crawl Stone Soup version 0.25.0-9-g26727b657a (webtiles) character file.

Game seed: 4901301208806840898

38154 Esekla the Carver (level 14, -6/108 HPs)
             Began as an Octopode Chaos Knight on June 18, 2020.
             Was an Initiate of Gozag.
             Mangled by a +4 glaive of freezing (11 damage)
             ... on level 2 of the Orcish Mines.
             The game lasted 03:06:01 (24187 turns).

Esekla the Carver (Octopode Chaos Knight)          Turns: 24187, Time: 03:06:02

Health: -6/108     AC:  4    Str: 16    XL:     14   Next: 0%
Magic:  31/31      EV: 26    Int: 22    God:    Gozag
Gold:   660        SH:  9    Dex: 20    Spells: 18/21 levels left

rFire    + . .     SeeInvis +   z - +5 falchion (freeze)
rCold    . . .     Gourm    .   i - +3 buckler {rF+}
rNeg     . . .     Faith    .   P - +3 crown of Dyrovepreva {rElec Int+2 SInv}
rPois    .         Spirit   .   a - amulet of the acrobat
rElec    +         Reflect  .   d - ring of stealth
rCorr    .         Harm     .   t - ring of magical power
MR       +....                  (no ring)
Stlth    ++++++....             D - ring of Peace {EV+4 Str+4 Int+2}
HPRegen  0.28/turn              M - +6 ring of dexterity
MPRegen  0.22/turn              (no ring)
                                (no ring)
                                (no ring)

@: gold aura
A: almost no armour, stealthy swim, amphibious, 8 rings, constrict 8, tentacle
spike 1, camouflage 1, clever 1, high mp 1, sense surroundings 1, robust 1, wild
magic 1, gelatinous body 1
a: Potion Petition, Call Merchant, Bribe Branch, Renounce Religion


You were on level 2 of the Orcish Mines.
You worshipped Gozag.
Gozag was pleased with you.
You were not hungry.

You visited 6 branches of the dungeon, and saw 20 of its levels.
You also visited: Volcano.

You collected 5020 gold pieces.
You spent 2884 gold pieces at shops.
You paid 1476 gold pieces to Gozag.

Inventory:

Hand Weapons
 e - a +2 long sword of electrocution
 f - a +0 great sword of flaming
 h - a +1 dagger of holy wrath
 k - a +4 great sword of flaming
 s - a +1 short sword of freezing
 v - a +2 short sword of venom
 x - a +4 vampiric long sword
 z - a +5 falchion of freezing (weapon)
 N - a cursed +4 spear of freezing
Missiles
 g - 21 boomerangs
 y - 15 poisoned darts
 V - 2 silver boomerangs (quivered)
Armour
 i - a +3 buckler of fire resistance (worn)
 P - the +3 crown of Dyrovepreva (worn) {rElec Int+2 SInv}
   (You bought it in a shop on level 1 of the Orcish Mines)

   It affects your intelligence (+2).
   It insulates you from electricity.
   It lets you see invisible.
Jewellery
 a - an amulet of the acrobat (around mantle)
 d - a ring of stealth (left tentacle)
 t - a ring of magical power (right tentacle)
 D - the ring of Peace (on tentacle) {EV+4 Str+4 Int+2}
   (You took it off a kobold on level 10 of the Dungeon)

   [ring of evasion]

   It affects your evasion (+4).
   It affects your strength (+4).
   It affects your intelligence (+2).
 M - a +6 ring of dexterity (on tentacle)
 T - an uncursed amulet of magic regeneration
Wands
 r - a wand of polymorph (10)
 C - a wand of iceblast (13)
 K - a wand of flame (60)
 Y - a wand of acid (10)
Scrolls
 j - 7 scrolls of teleportation
 m - a scroll of fear
 o - 2 scrolls of vulnerability
 u - 6 scrolls of remove curse
 w - 2 scrolls of fog
 B - 3 scrolls of blinking
 G - a scroll of identify
 L - a scroll of amnesia
Potions
 c - 5 potions of might
 n - a potion of magic
 p - 2 potions of berserk rage
 q - 2 potions of ambrosia
 A - 4 potions of brilliance
 F - 3 potions of invisibility
 I - 4 potions of curing
 J - 2 potions of resistance {unknown}
 O - a potion of stabbing
 Q - a potion of cancellation {unknown}
 X - 4 potions of lignification
Miscellaneous
 S - a lightning rod (4/4)
Comestibles
 b - 31 rations


   Skills:
 + Level 10.2 Fighting
 - Level 7.1(11.7) Short Blades
 * Level 14.3(14.9) Long Blades
 + Level 10.6 Dodging
 - Level 6.0 Stealth
 - Level 5.6 Shields
 * Level 4.3 Spellcasting
 * Level 4.9 Conjurations
 + Level 3.0 Evocations


You had 18 spell levels left.
You knew the following spells:

 Your Spells              Type           Power        Failure   Level  Hunger
a - Magic Dart            Conj           ####         3%          1    None
e - Searing Ray           Conj           ####..       4%          2    #......

Your spell library contained the following spells:

 Spells                   Type           Power        Failure   Level  Hunger
 Corona                   Hex            #......      16%         1    None
 Dazzling Flash           Conj/Hex       ###...       17%         3    ##.....
 Ensorcelled Hibernation  Hex/Ice        #.....       24%         2    #......
 Confusing Touch          Hex            #.......     41%         3    ##.....
 Tukima's Dance           Hex            #.......     41%         3    ##.....
 Fulminant Prism          Conj/Hex       ###.......   45%         4    ####...
 Iskenderun's Mystic Bla  Conj/Tloc      ###.....     45%         4    ####...


Dungeon Overview and Level Annotations

Branches:
Dungeon (12/15)            Temple (1/1) D:6            Lair (3/6) D:9
 Spider (1/4) Lair:2          Orc (2/2) D:11            Elf (1/3) Orc:2
Volcano (visited)
  Swamp: Lair:2-4    Shoals: Lair:2-4

Altars:
Ashenzari
Cheibriados
Dithmenos
Elyvilon
Fedhas
Gozag
Hepliaklqana
Kikubaaqudgha
Nemelex Xobeh
Okawaru
Qazlal
Ru
Sif Muna
Trog
Uskayaw
Vehumet
Xom
Yredelemnul
Zin
The Shining One
Beogh

Shops:
D:4 [   D:8 *   D:9 (   Orc:1 *   Orc:2 ?}([

Annotations:
Lair:1 3 runed translucent doors, Dunwar's ghost, journeyman GnCK; Foost's ghost, journeyman MiBe; Kuidesed's ghost, journeyman DrCj; Zuwkuphe's ghost, journeyman GnCK
Lair:2 exclusion: 2 oklob plants


Innate Abilities, Weirdness & Mutations

You cannot wear most types of armour.
You are very stealthy in the water. (Stealth+)
You are amphibious.
You can wear up to eight rings at the same time.
You can use your tentacles to constrict eight enemies at once.
Your skin changes colour to match your surroundings (Stealth+).
Your rubbery body absorbs attacks. (AC +1, EV +1)
One of your tentacles bears a spike.
Your mind is acute. (Int +2)
You have an increased reservoir of magic. (+10% MP)
You passively map a small area around you.
You are robust. (+10% HP)
Your spells are a little harder to cast, but a little more powerful.


Message History

You constrict the +4 glaive of freezing, but do no damage.
The +4 glaive of freezing hits you. The +4 glaive of freezing freezes you.
You barely miss the +4 glaive of freezing.
You pierce the +4 glaive of freezing.
The +4 glaive of freezing is severely damaged.
You constrict the +4 glaive of freezing, but do no damage.
The +4 glaive of freezing hits you! The +4 glaive of freezing freezes you.
You hit the +4 glaive of freezing but do no damage.
The +4 glaive of freezing is severely damaged.
You constrict the +4 glaive of freezing.
You hit the +4 glaive of freezing but do no damage.
You pierce the +4 glaive of freezing, but do no damage.
You squeeze the +4 glaive of freezing, but do no damage.
The +4 glaive of freezing is severely damaged.
You constrict the +4 glaive of freezing, but do no damage.
The +4 glaive of freezing hits you!!
* * * LOW HITPOINT WARNING * * *
The +4 glaive of freezing freezes you!
You die...
Your body crumbles into a pile of gold.

###.## ##....#.... ##....#
#.........#
#....#####..#.....(
##...#..####.......
#........##........
##...#..#..........
#####................
##.#(........#........
#...$@.#...##........<
#....##.........#.....
##.####...............
####..................
##.....................
###......###.............
##.##..#...#..............
##.................#.).....
##.#.....#..................


You could see a +4 glaive of freezing.

Vanquished Creatures
  2 centaur warriors (Orc:2)
  3 two-headed ogres
  A deep elf knight (Orc:2)
  2 skeletal warriors (Volcano)
  An unseen horror (D:10)
  Pikel (D:7)
  6 orc knights
  2 orc sorcerers (Orc:1)
  A manticore (D:11)
  A cyclops (D:10)
  An elephant (D:9)
  4 gargoyles
  6 spiny frogs
  A rime drake (Lair:2)
  3 komodo dragons
  4 trolls
  A queen bee (Lair:2)
  A harpy skeleton (Volcano)
  Prince Ribbit (D:8)
  A hornet (D:10)
  5 hippogriffs
  4 blink frogs (Lair:3)
  2 flying skulls (Volcano)
  An alligator skeleton (Volcano)
  A wyvern (Lair:2)
  16 yaks
  Grum (Lair:1)
  3 basilisks
  3 hungry ghosts
  4 vampire mosquitoes (D:10)
  2 wargs
  9 water moccasins
  5 porcupines
  34 orc warriors
  5 ice beasts
  3 sky beasts
  3 slaves (D:7)
  2 black bears
  4 phantoms
  5 wolves
  19 centaurs
  6 crocodiles
  9 ogres
  4 big kobolds
  16 bullfrogs
  6 scorpions
  A water moccasin skeleton (D:8)
  33 killer bees
  A troll skeleton (Volcano)
  A spriggan skeleton (Volcano)
  9 wights
  A howler monkey (D:8)
  6 crimson imps
  An electric eel (Lair:2)
  4 centaur zombies
  A quasit (D:6)
  10 hounds
  2 centaur skeletons
  13 orc priests
  6 jellies
  3 iguanas
  Jessica (D:2)
  Crazy Yiuf (D:2)
  Natasha (D:2)
  19 orc wizards
  9 worker ants
  A naga skeleton (Volcano)
  A hound zombie (D:9)
  A hound skeleton (D:9)
  A howler monkey zombie (D:9)
  2 worker ant zombies
  Robin (D:1)
  15 adders
  2 shadow imps
  8 oozes (D:3)
  2 worms (D:2)
  2 dart slugs (D:1)
  7 leopard geckos
  86 orcs
  10 giant cockroaches
  20 goblins
  10 hobgoblins
  14 jackals
  4 quokkas
  8 bats
  2 frilled lizards
  A jackal zombie (D:7)
  25 kobolds
  4 rats
565 creatures vanquished.

Vanquished Creatures (others)
  A flying skull (Volcano)
  A kobold (D:11)
  12 fungi (D:3)
  5 toadstools (D:3)
  2 withered plants (Lair:1)
21 creatures vanquished.

Grand Total: 586 creatures vanquished

Notes
Turn   | Place    | Note
-------+----------+-------------------------------------------
     0 | D:1      | Esekla the Octopode Chaos Knight began the quest for the
                  | Orb.
     0 | D:1      | Reached XP level 1. HP: 16/16 MP: 1/1
    50 | D:1      | XOM: divination: detect items
    66 | D:1      | Reached XP level 2. HP: 21/21 MP: 2/2
   281 | D:1      | Reached XP level 3. HP: 26/26 MP: 3/3
   701 | D:2      | Found a shadowy altar of Dithmenos.
   701 | D:2      | Noticed Robin
   755 | D:1      | XOM: silly message
   945 | D:2      | XOM: divination: detect items
  1000 | D:1      | Reached skill level 4 in Long Blades
  1319 | D:1      | Killed Robin
  1319 | D:1      | Reached XP level 4. HP: 31/31 MP: 4/4
  1438 | D:2      | XOM: noise
  1479 | D:2      | XOM: smoke on damage
  1518 | D:2      | Reached XP level 5. HP: 9/36 MP: 5/5
  1851 | D:2      | Found a runed translucent door.
  1852 | D:2      | Noticed Crazy Yiuf
  1858 | D:2      | XOM: 1-stop teleportation journey
  1913 | D:2      | Noticed Jessica
  1913 | D:2      | Noticed Natasha
  1920 | D:2      | Killed Jessica
  1920 | D:2      | Reached skill level 5 in Long Blades
  1923 | D:2      | Killed Natasha
  2190 | D:2      | Killed Crazy Yiuf
  2328 | D:3      | Reached XP level 6. HP: 39/43 MP: 6/6
  2490 | D:3      | Found a white marble altar of Elyvilon.
  2510 | D:3      | Found a sacrificial altar of Ru.
  2516 | D:3      | XOM: scenery: 1 doors open
  2530 | D:3      | Found a shimmering blue altar of Sif Muna.
  2545 | D:3      | Found a shadowy altar of Dithmenos.
  2566 | D:3      | XOM: polymorph hobgoblin -> orc
  2880 | D:3      | XOM: god gift: scroll labeled QIRGHI FOENAHOM {god gift}
  2957 | D:3      | XOM: chaos upgrade
  2961 | D:3      | HP: 1/43 [kobold/+2 club of chaos (4)]
  3001 | D:3      | XOM: summons 2 hostile shadow creatures
  3067 | D:3      | XOM: scenery: 3 doors close
  3704 | D:3      | XOM: swap monsters
  3714 | D:3      | XOM: summons 2 hostile shadow creatures
  3719 | D:3      | Reached skill level 1 in Short Blades
  3719 | D:3      | Reached skill level 6 in Long Blades
  3741 | D:3      | XOM: stat loss: -1 Int (13/14)
  4027 | D:3      | Reached XP level 7. HP: 34/48 MP: 7/7
  4085 | D:3      | XOM: summons 4 hostile demons
  4976 | D:4      | Found Seby's Armour Boutique.
  5192 | D:4      | XOM: scenery: create altars
  5352 | D:4      | Found a shimmering blue altar of Sif Muna.
  5352 | D:4      | XOM: noise
  5389 | D:5      | Entered Level 5 of the Dungeon
  5484 | D:5      | XOM: scenery: create altars
  5599 | D:5      | XOM: divination: magic mapping
  5617 | D:5      | XOM: scenery: 2 doors close
  5673 | D:5      | Reached skill level 7 in Long Blades
  6053 | D:6      | XOM: noise
  6078 | D:6      | Reached XP level 8. HP: 16/54 MP: 8/8
  6389 | D:6      | XOM: enchant monster (good)
  6392 | D:6      | XOM: divination: detect creatures
  6393 | D:6      | XOM: noise
  6414 | D:6      | Reached skill level 8 in Long Blades
  6418 | D:6      | XOM: enchant monster (good)
  6545 | D:6      | Reached skill level 5 in Fighting
  6578 | D:6      | Reached skill level 1 in Stealth
  6816 | D:6      | XOM: give mutation
  6816 | D:6      | Gained mutation: You possess an exceptional clarity of
                  | mind. [Xom's grace]
  6935 | D:6      | XOM: polymorph leopard gecko -> goblin
  7145 | D:6      | XOM: potion effect (invisibility)
  7203 | D:6      | Reached skill level 5 in Dodging
  7215 | D:6      | Found a staircase to the Ecumenical Temple.
  7231 | Temple   | Entered the Ecumenical Temple
  7310 | Temple   | Fell from the grace of Xom
  7310 | Temple   | Became a worshipper of Gozag Ym Sagoz the Greedy
  7703 | D:7      | Reached XP level 9. HP: 59/61 MP: 9/9
  7890 | D:7      | Found a sparkling altar of Nemelex Xobeh.
  8056 | D:7      | Noticed Pikel
  8109 | D:8      | XOM: give mutation
  8109 | D:8      | Lost mutation: You possess an exceptional clarity of mind.
                  | [Xom's mischief]
  8132 | D:8      | Found Qebboemi's Demolitions Depot.
  8144 | D:8      | Noticed Prince Ribbit
  8230 | D:8      | Reached skill level 5 in Stealth
  8311 | D:8      | XOM: summons 5 hostile demons
  8312 | D:8      | Noticed a smoke demon
  8437 | D:8      | Reached skill level 9 in Long Blades
  8472 | D:8      | XOM: draining
  8621 | D:9      | XOM: noise
  8757 | D:9      | Reached skill level 5 in Short Blades
  8928 | D:8      | XOM: noise
  9157 | D:8      | Noticed a two-headed ogre
  9329 | D:7      | XOM: give mutation
  9329 | D:7      | Gained mutation: Your body sometimes deteriorates upon
                  | taking damage. [Xom's mischief]
  9357 | D:7      | Reached XP level 10. HP: 68/68 MP: 10/10
  9806 | D:7      | XOM: torment (34/68 hp)
 10184 | D:7      | XOM: summons 1 hostile demon
 10471 | D:6      | XOM: summons 2 hostile shadow creatures
 10494 | D:6      | XOM: summons 12 hostile demons
 10495 | D:6      | Noticed a rust devil
 10593 | D:7      | XOM: give mutation
 10593 | D:7      | Gained mutation: Your body often deteriorates upon taking
                  | damage. [Xom's mischief]
 10666 | D:7      | Killed Pikel
 10881 | D:8      | XOM: torment (16/69 hp)
 10885 | D:8      | Got an iridescent mace
 11057 | D:7      | XOM: summons 1 hostile demon
 11230 | D:8      | XOM: give mutations
 11230 | D:8      | Lost mutation: Your body often deteriorates upon taking
                  | damage. [Xom's mischief]
 11230 | D:8      | Lost mutation: Your body sometimes deteriorates upon taking
                  | damage. [Xom's mischief]
 11230 | D:8      | Gained mutation: Scrolls take you a little longer to read.
                  | [Xom's mischief]
 11230 | D:8      | Gained mutation: Scrolls take you longer to read. [Xom's
                  | mischief]
 11339 | D:8      | Killed Prince Ribbit
 11357 | D:8      | XOM: give mutation
 11357 | D:8      | Gained mutation: Your spells are a little harder to cast,
                  | but a little more powerful. [Xom's grace]
 11368 | D:8      | Bought a book of Conjurations for 360 gold pieces
 11393 | D:8      | Learned a level 1 spell: Magic Dart
 11396 | D:8      | Learned a level 2 spell: Searing Ray
 11438 | D:8      | Lost mutation: Scrolls take you longer to read. [potion of
                  | mutation]
 11438 | D:8      | Lost mutation: Scrolls take you a little longer to read.
                  | [potion of mutation]
 11438 | D:8      | Lost mutation: Your spells are a little harder to cast, but
                  | a little more powerful. [potion of mutation]
 11438 | D:8      | Gained mutation: Your mind is acute. (Int +2) [potion of
                  | mutation]
 11438 | D:8      | Gained mutation: You passively map a small area around you.
                  | [potion of mutation]
 11438 | D:8      | Gained mutation: Your spells are a little harder to cast,
                  | but a little more powerful. [potion of mutation]
 11438 | D:8      | Gained mutation: One of your tentacles bears a spike.
                  | [potion of mutation]
 11515 | D:8      | Killed a two-headed ogre
 11515 | D:8      | Reached skill level 1 in Evocations
 12205 | D:9      | Found a staircase to the Lair.
 12205 | D:9      | Noticed an elephant
 12348 | D:9      | Noticed a two-headed ogre
 12371 | D:9      | Killed a two-headed ogre
 12371 | D:9      | Reached skill level 10 in Long Blades
 12371 | D:9      | Reached XP level 11. HP: 65/75 MP: 12/12
 12723 | D:9      | You fall into a shaft and drop 3 floors!
 12734 | D:12     | Identified a scroll of acquirement
 12781 | D:12     | Reached skill level 1 in Conjurations
 12847 | D:12     | XOM: 1-stop teleportation journey
 12922 | D:11     | Noticed a manticore
 12943 | D:11     | Killed a manticore
 12943 | D:11     | Reached skill level 1 in Shields
 13163 | D:11     | XOM: summons 2 hostile shadow creatures
 13171 | D:10     | Entered Level 10 of the Dungeon
 13189 | D:10     | Noticed a cyclops
 13334 | D:9      | XOM: give mutations
 13334 | D:9      | Gained mutation: You are robust. (+10% HP) [Xom's mischief]
 13334 | D:9      | Gained mutation: You are resistant to hostile enchantments.
                  | (MR+) [Xom's mischief]
 13334 | D:9      | Gained mutation: Scrolls take you a little longer to read.
                  | [Xom's mischief]
 13829 | D:9      | Bought a glowing long sword for 214 gold pieces
 14112 | D:10     | Killed a cyclops
 14112 | D:10     | Reached skill level 1 in Spellcasting
 14246 | D:10     | Identified the ring of Peace {EV+4 Str+4 Int+2}
 14327 | D:10     | Reached skill level 11 in Long Blades
 14964 | D:9      | Bought a runed falchion for 198 gold pieces
 14964 | D:9      | Bought a runed long sword for 214 gold pieces
 15067 | D:10     | Noticed an unseen horror
 15077 | D:10     | Killed an unseen horror
 15077 | D:10     | Reached XP level 12. HP: 88/92 MP: 13/13
 15491 | D:11     | Noticed a two-headed ogre
 15531 | D:10     | XOM: chaos upgrade
 15565 | D:10     | Killed a two-headed ogre
 15676 | D:10     | XOM: scenery: create altars
 15729 | D:10     | XOM: torment (38/92 hp)
 15729 | D:10     | Was forgiven by Xom
 16076 | D:11     | Found a staircase to the Orcish Mines.
 16476 | D:11     | Identified the +5 mace "Caocsyon" {antimagic, +Blink +Inv
                  | Str-4 Dex+2} (You found it on level 8 of the Dungeon)
 16663 | D:11     | Reached skill level 12 in Long Blades
 16663 | D:11     | Reached skill level 5 in Shields
 17032 | Orc:1    | Entered Level 1 of the Orcish Mines
 18513 | Orc:1    | Found a roughly hewn altar of Beogh.
 18583 | Orc:1    | Bought a scroll labeled ZAMITI VEMISE for 36 gold pieces
 18744 | Lair:1   | Entered Level 1 of the Lair of Beasts
 18968 | Lair:1   | Found a runed translucent gate.
 18968 | Lair:1   | Found a runed translucent gate.
 18968 | Lair:1   | Found a runed translucent gate.
 18970 | Lair:1   | Noticed Kuidesed's ghost (journeyman DrCj)
 18970 | Lair:1   | Noticed Zuwkuphe's ghost (journeyman GnCK)
 18972 | Lair:1   | Noticed Dunwar's ghost (journeyman GnCK)
 18972 | Lair:1   | Noticed Foost's ghost (journeyman MiBe)
 19054 | Lair:1   | Noticed Grum
 19079 | Lair:1   | Killed Grum
 19595 | Lair:2   | Found a dark tunnel.
 19602 | Lair:2   | Lost mutation: Scrolls take you a little longer to read.
                  | [potion of mutation]
 19602 | Lair:2   | Lost mutation: One of your tentacles bears a spike. [potion
                  | of mutation]
 19602 | Lair:2   | Lost mutation: You are resistant to hostile enchantments.
                  | (MR+) [potion of mutation]
 19602 | Lair:2   | Gained mutation: You have an increased reservoir of magic.
                  | (+10% MP) [potion of mutation]
 19602 | Lair:2   | Gained mutation: One of your tentacles bears a spike.
                  | [potion of mutation]
 19613 | Volcano  | Entered a volcano
 19752 | Volcano  | Reached skill level 13 in Long Blades
 19752 | Volcano  | Reached XP level 13. HP: 62/99 MP: 18/18
 20573 | Lair:2   | Found a hole to the Spider Nest.
 21052 | Lair:2   | Reached skill level 10 in Dodging
 21918 | Spider:1 | Entered Level 1 of the Spider Nest
 22985 | Orc:1    | Bought the +3 crown of Dyrovepreva {rElec Int+2 SInv} for
                  | 1490 gold pieces
 22985 | Orc:1    | Found the +3 crown of Dyrovepreva {rElec Int+2 SInv}
 23015 | Orc:2    | Entered Level 2 of the Orcish Mines
 23064 | Orc:2    | Found a staircase to the Elven Halls.
 23106 | Orc:2    | Found a roughly hewn altar of Beogh.
 23355 | Orc:2    | Reached skill level 14 in Long Blades
 23360 | Orc:2    | Reached skill level 10 in Fighting
 24067 | Orc:2    | Found Duhoashra's Gadget Shoppe.
 24067 | Orc:2    | Found Huang's Weapon Boutique.
 24067 | Orc:2    | Found Reacs's Armour Shop.
 24070 | Orc:2    | Found Ugaic's Magic Scroll Emporium.
 24094 | Orc:2    | Bought a +2 long sword of electrocution for 372 gold pieces
 24173 | Elf:1    | Entered Level 1 of the Elven Halls
 24179 | Orc:2    | Reached XP level 14. HP: 83/108 MP: 22/22
 24187 | Orc:2    | HP: 5/108 [+4 glaive of freezing (31)]
 24187 | Orc:2    | Mangled by a +4 glaive of freezing

Illustrated notes

Levels and vault maps discovered:
D:1:      matt_arrival_debris, layout_basic
D:2:      layout_rooms, nicolae_dithmenos_shadow_blocks, uniq_robin,
          uniq_crazy_yiuf_cottage, uniq_jessica, uniq_natasha
D:3:      cheibrodos_fertilizer, layout_basic, nicolae_overflow_quartered_altars
D:4:      layout_loops_corners, first_ration, serial_shops, shop,
          serial_park_tiny_1, led_sif_pool
D:5:      layout_basic, minmay_manual_mail
D:6:      layout_cave_pools, minmay_temple_entry_nine_rooms, grunt_ministairs_7
D:7:      layout_basic, minmay_statues_item, grunt_ogre_cave,
          nemelex_lonely_heart_becter, uniq_pikel
D:8:      layout_basic, nicolae_blasting_shop, nicolae_sextant,
          minmay_alternating_orb, uniq_prince_ribbit1
D:9:      layout_irregular_city, david_lair_generic
D:10:     minmay_bloctagon, layout_small_grid
D:11:     layout_loops_ring, hiddenorc1_lemuel
D:12:     layout_stronghold, minmay_guarded_unrand_skullcrusher, uniq_azrael,
          uniq_nergalle, uniq_fannar
Temple:   hc_temple_tempest_star
Lair:1:   layout_hall_layers, gammafunk_ghost_cemetery,
          chequers_serial_rivers_micro_d, uniq_grum
Lair:2:   layout_hall_layers, dummy_spider_entry,
          lightli_volcano_entry_magma_tube, special_room [special_room_bee],
          minmay_lair_oklob_chamber, serial_bayou_shore_a
Lair:3:   layout_gridlike
Spider:1: nicolae_spider_mines_2, hangedman_spider_mandibles
Orc:1:    layout_caves, mines2_david
Orc:2:    st_orc_rangers, layout_caves, basic_altar
Elf:1:    layout_gridlike, minmay_elf_sorcery, uniq_roxanne

Skill      XL: |  1  2  3  4  5  6  7  8  9 10 11 12 13 |
---------------+----------------------------------------+-----
Long Blades    | 4 5 6 7 8 9 10 11 13 14 | 14.3
Dodging        | 3 4 5 6 7 9 10 | 10.6
Short Blades   | 1 3 5 7 |  7.1
Fighting       | 4 5 6 7 8 9 10 | 10.2
Stealth        | 3 6 |  6.0
Evocations     | 2 3 |  3.0
Conjurations   | 1 2 4 |  4.9
Shields        | 4 5 |  5.6
Spellcasting   | 1 2 4 |  4.3

Action                   |  1- 3 |  4- 6 |  7- 9 | 10-12 | 13-15 || total
-------------------------+-------+-------+-------+-------+-------++-------
Melee: Falchion          |    66 |    99 |    67 |   171 |    77 ||   480
       Constrict         |    27 |    28 |    36 |   115 |    94 ||   300
       Tentacles         |    15 |    39 |    47 |   188 |   125 ||   414
       Short sword       |       |    43 |   110 |   308 |    27 ||   488
       Unarmed           |       |     2 |       |       |       ||     2
       Dagger            |       |       |    82 |    74 |    15 ||   171
       Kick              |       |       |       |   260 |   201 ||   461
       Long sword        |       |       |       |   191 |   269 ||   460
Throw: Boomerang         |       |       |    14 |     8 |     1 ||    23
       Dart              |       |       |     3 |    28 |       ||    31
 Cast: Searing Ray       |       |       |       |     6 |     8 ||    14
       Magic Dart        |       |       |       |     1 |       ||     1
Invok: Call Merchant     |       |       |       |     2 |       ||     2
Evoke: Wand              |       |       |       |     5 |       ||     5
       Lightning rod     |       |       |       |     1 |       ||     1
  Use: Potion            |       |     3 |     2 |     8 |     4 ||    17
       Scroll            |       |       |    15 |    17 |     1 ||    33
 Stab: Sleeping          |     2 |     2 |    20 |    23 |    16 ||    63
       Distracted        |       |     1 |       |    15 |     3 ||    19
       Invisible         |       |       |     1 |       |       ||     1
       Petrifying        |       |       |     1 |       |       ||     1
  Eat: Chunk             |     1 |     5 |     4 |       |       ||    10
       Ration            |       |     1 |     5 |     9 |     5 ||    20
Armor: Skin              |     7 |     8 |    24 |    28 |     9 ||    76
Dodge: Dodged            |    72 |   102 |   146 |   443 |   318 ||  1081
Block: Buckler           |       |       |       |   143 |   146 ||   289
       Rpst.: Falchion   |    19 |    25 |    13 |    27 |    13 ||    97
       Long sword        |       |       |       |    31 |    69 ||   100
